 Dungeon Crawl Stone Soup version 0.19.0-9-gfd783f2 (webtiles) character file.

91 dobroeutro the Shooter (level 4, 0/36 HPs)
             Began as a Centaur Hunter on Nov 7, 2016.
             Succumbed to Crazy Yiuf's poison
             ... on level 2 of the Dungeon.
             The game lasted 00:01:47 (1758 turns).

dobroeutro the Shooter (Centaur Hunter)             Turns: 1758, Time: 00:01:48

Health: 0/36       AC:  4    Str: 15    XL:     4   Next: 34%
Magic:  4/4        EV:  9    Int: 10    God:
Gold:   124        SH:  0    Dex: 10    Spells: 0 memorised, 3 levels left

rFire  . . .     SeeInvis .     k - +1 hand axe (drain)
rCold  . . .     Gourm    .     c - +0 leather armour
rNeg   . . .     Faith    .     (no shield)
rPois  .         Spirit   .     (no helmet)
rElec  .         Reflect  .     (no cloak)
rCorr  .         Harm     .     (no gloves)
MR     .....                    (no barding)
Stlth  +.........               (no amulet)
                                (no ring)
                                (no ring)

@: lethally poisoned (0 -> -3), exhausted, hasted and slowed, very quick
A: hooves 3, deformed body, speed 2, tough skin 3
a: no special abilities


You were on level 2 of the Dungeon.
You were near starving.

You visited 1 branch of the dungeon, and saw 2 of its levels.

You collected 124 gold pieces.

Inventory:

Hand Weapons
 a - a +1 shortbow
 b - a +0 short sword
 k - a +1 hand axe of draining (weapon)
 n - a +1 mace of holy wrath
Missiles
 d - 38 arrows
Armour
 c - a +0 leather armour (worn)
 m - a +0 cloak
Scrolls
 g - 4 scrolls of identify {unknown}
 j - a scroll of amnesia {unknown}
 l - a scroll of remove curse {unknown}
Potions
 e - 2 potions of berserk rage
Comestibles
 f - 2 bread rations
 i - a slice of pizza


   Skills:
 - Level 2.0 Fighting
 + Level 1.8 Axes
 + Level 7.1 Bows
 - Level 1.3 Dodging
 - Level 0.4 Stealth


You had 3 spell levels left.
You didn't know any spells.

Dungeon Overview and Level Annotations

Branches:
Dungeon (2/15)

Altars:
Trog

Annotations:
D:2 Sigmund


Innate Abilities, Weirdness & Mutations

You have hooves in place of feet.
Armour fits poorly on your strangely shaped body.
You cover ground very quickly.
You have extremely tough skin. (AC +3)


Message History

You are too berserk!
Things that are here:
a quarterstaff of chaos; a cloak; the gnoll corpse of Crazy Yiuf
m - a cloak You feel a strong urge to attack something.
You butcher the gnoll corpse of Crazy Yiuf.
* * * LOW HITPOINT WARNING * * *
You feel sick.
Things that are here:
a quarterstaff of chaos; 4 chunks of flesh; the gnoll skeleton of Crazy Yiuf You feel your anger subside.
You are no longer berserk.
You are exhausted.
You feel yourself slow down.
You see here a glowing mace.
n - a glowing mace
* * * LOW HITPOINT WARNING * * *
You feel sick.
It was a potion of haste.
You feel yourself speed up.
You die...

#.....#
##.##
#####.#
##)# #.#
#.## #.#
##)# #.#
#.## #.#
##'## #.#
#.))# #.#
#...#
#.####
#@..#
#.##.#
#####
#####.##.#
#.....##.#
#.######.#
#.# #.#
#.# #.#
#.# #.# #
#.# #.#


There were no monsters in sight!

Vanquished Creatures
  Crazy Yiuf (D:2)
  4 adders (D:2)
  A dart slug (D:1)
  2 ball pythons (D:1)
  5 bats
  2 giant cockroaches
  3 goblins
  3 hobgoblins
  A quokka (D:2)
  A kobold (D:2)
  3 rats (D:2)
26 creatures vanquished.

Notes
Turn   | Place    | Note
-------+----------+-------------------------------------------
     0 | D:1      | dobroeutro the Centaur Hunter began the quest for the Orb.
     0 | D:1      | Reached XP level 1. HP: 17/17 MP: 1/1
   418 | D:1      | Reached XP level 2. HP: 24/24 MP: 2/2
   435 | D:1      | Reached skill level 6 in Bows
   944 | D:2      | Found a bloodstained altar of Trog.
  1009 | D:2      | Noticed Sigmund
  1362 | D:2      | Reached XP level 3. HP: 25/29 MP: 3/3
  1389 | D:2      | Reached skill level 1 in Axes
  1736 | D:2      | Found a runed door.
  1740 | D:2      | Noticed Crazy Yiuf
  1751 | D:2      | Killed Crazy Yiuf
  1751 | D:2      | Reached skill level 7 in Bows
  1751 | D:2      | Reached XP level 4. HP: 4/36 MP: 4/4
  1754 | D:2      | HP: 2/54 [poisoned by Crazy Yiuf]
  1758 | D:2      | Succumbed to Crazy Yiuf's poison

Skill      XL: |  1  2  3 |
---------------+----------+-----
Bows           | 6 7 |  7.1
Axes           | 1 |  1.8
Fighting       | |  2.0
Dodging        | |  1.3
Stealth        | |  0.4

Action                   |  1- 3 |  4- 6 || total
-------------------------+-------+-------++-------
Melee: Short sword       |    54 |       ||    54
       Kick              |    17 |       ||    17
       Hand axe          |    54 |       ||    54
 Fire: Shortbow          |     5 |       ||     5
  Use: Potion            |     1 |     1 ||     2
Armor: Leather armour    |    55 |       ||    55
Dodge: Dodged            |    56 |       ||    56
